 Dungeon Crawl Stone Soup version 0.24.0-123-gd5b16e6ec5 (webtiles) character file.

Game seed: 3461430714783038011, levelgen mode: deterministic

24705 Peloso the Carver (level 12, -6/110 HPs)
             Began as a Minotaur Fighter on Dec 23, 2019.
             Was a High Priest of Okawaru.
             Mangled by a 14-headed hydra (11 damage)
             ... on level 1 of the Lair of Beasts.
             The game lasted 00:35:52 (13811 turns).

Peloso the Carver (Minotaur Fighter)               Turns: 13811, Time: 00:35:52

Health: -6/110     AC: 20    Str: 24    XL:     12   Next: 83%
Magic:  12/12      EV: 11    Int:  3    God:    Okawaru [*****.]
Gold:   879        SH:  9    Dex: 17    Spells: 11/11 levels left

rFire    + + .     SeeInvis .   a - +2 scimitar (flame)
rCold    x . .     Gourm    .   c - +2 buckler of the Little Devil {rPois}
rNeg     + . .     Faith    .   T - +2 chain mail {rF+}
rPois    +         Spirit   .   w - +1 hat of the Nightingale {+Fly rN+ Regen+ Int-2}
rElec    .         Reflect  .   Q - scarf {cloud immunity}
rCorr    .         Harm     .   e - +0 pair of gloves
MR       .....                  J - +2 pair of boots {Fly}
Stlth    ..........             (no amulet)
HPRegen  0.68/turn              g - ring of fire
MPRegen  0.13/turn              G - +5 ring of dexterity

@: about to teleport, flying, studying Throwing, heavily drained
A: retaliatory headbutt, horns 2
a: Heroism, Finesse, Renounce Religion, Stop Flying


You were on level 1 of the Lair of Beasts.
You worshipped Okawaru.
Okawaru was extremely pleased with you.
You were very hungry.

You visited 3 branches of the dungeon, and saw 14 of its levels.
You also visited: Gauntlet and Volcano.

You collected 879 gold pieces.

Inventory:

Hand Weapons
 a - a +2 scimitar of flaming (weapon)
 b - a +1 short sword of flaming
 U - the +8 long sword "Weuvuna" {drain, *Drain +Inv MR+++ Dex-5}
   (You found it on level 6 of the Dungeon)

   A truly terrible weapon, it drains the life of those it strikes.
   It affects your dexterity (-5).
   It affects your resistance to hostile enchantments.
   It lets you turn invisible.
   It causes draining when unequipped.
Armour
 c - the +2 buckler of the Little Devil (worn) {rPois}
   (Okawaru gifted it to you in a Gauntlet)

   It protects you from poison.
 e - a +0 pair of gloves (worn)
 l - a +1 scale mail of magic resistance
 w - the +1 hat of the Nightingale (worn) {+Fly rN+ Regen+ Int-2}
   (You found it in a Gauntlet)

   It affects your intelligence (-2).
   It protects you from negative energy.
   It lets you fly.
   It increases your rate of regeneration.
 x - the +1 hat of Gymilek {rC+ Dex+4 Slay-5}
   (You found it in a Gauntlet)

   It affects your dexterity (+4).
   It affects your accuracy and damage with ranged weapons and melee attacks
   (-5).
   It protects you from cold.
 C - a +0 cloak of magic resistance
 J - a +2 pair of boots of flying (worn)
 L - a +0 plate armour
 Q - a scarf of cloud immunity (worn)
 T - a +2 chain mail of fire resistance (worn)
Jewellery
 g - a ring of fire (left hand)
 m - an uncursed ring of ice
 u - an uncursed ring of protection from magic
 E - a +2 ring of strength
 G - a +5 ring of dexterity (right hand)
 R - a cursed ring of attention {unknown}
Wands
 t - a wand of clouds (1)
 B - a wand of digging (4)
 F - a wand of polymorph (8)
 H - a wand of paralysis (18)
 M - a wand of random effects (15)
Scrolls
 i - 8 scrolls of teleportation
 n - 2 scrolls of enchant armour {unknown}
 s - 4 scrolls of immolation {unknown}
 v - 8 scrolls of remove curse {unknown}
 y - 3 scrolls of enchant weapon {unknown}
 A - a scroll of blinking {unknown}
 N - a scroll of vulnerability {unknown}
Potions
 d - 6 potions of might
 h - a potion of cancellation
 j - 3 potions of haste
 o - 2 potions of agility
 p - a potion of resistance
 q - 2 potions of mutation
 r - 3 potions of curing
 z - a potion of ambrosia {unknown}
 D - 2 potions of experience {unknown}
 O - a potion of flight
 S - 2 potions of berserk rage {unknown}
Books
 I - a manual of Throwing
Miscellaneous
 k - a phial of floods
 K - a phantom mirror
 P - a sack of spiders
Comestibles
 f - 22 rations


   Skills:
 + Level 11.1(9.5) Fighting
 + Level 14.3(12.6) Long Blades
 + Level 12.6(11.0) Armour
 + Level 6.1(4.8) Dodging
 + Level 1.8(0.6) Stealth
 + Level 12.1(10.5) Shields
 + Level 2.5(1.2) Invocations
 + Level 0.1(0.0) Evocations


You had 11 spell levels left.
You didn't know any spells.
Your spell library contained the following spells:

 Spells                   Type           Power        Failure   Level  Hunger
 Animate Skeleton         Necr           N/A          97%         1    ##.....
 Corona                   Hex            #......      97%         1    ##.....
 Flame Tongue             Conj/Fire      #....        97%         1    ##.....
 Infusion                 Chrm           #...         97%         1    ##.....
 Pain                     Necr           #...         97%         1    ##.....
 Sandblast                Erth           #.....       97%         1    ##.....
 Shock                    Conj/Air       #...         97%         1    ##.....
 Ensorcelled Hibernation  Hex/Ice        #.....       99%         2    ###....
 Passwall                 Tmut/Erth      #.......     99%         2    ###....
 Shroud of Golubria       Chrm/Tloc      #.....       99%         2    ###....
 Slow                     Hex            #.......     99%         2    ###....
 Song of Slaying          Chrm           #.......     99%         2    ###....
 Swiftness                Chrm/Air       #.......     99%         2    ###....
 Throw Flame              Conj/Fire      #.....       99%         2    ###....
 Confuse                  Hex            #.......     100%        3    ####...
 Conjure Flame            Conj/Fire      #.......     100%        3    ####...
 Dazzling Spray           Conj/Hex       #.....       100%        3    ####...
 Inner Flame              Hex/Fire       #.......     100%        3    ####...
 Portal Projectile        Hex/Tloc       #.....       100%        3    ####...
 Regeneration             Chrm/Necr      #.........   100%        3    ####...
 Spectral Weapon          Hex/Chrm       #.......     100%        3    ####...
 Static Discharge         Conj/Air       #.......     100%        3    ####...
 Stone Arrow              Conj/Erth      #.....       100%        3    ####...
 Tukima's Dance           Hex            #.......     100%        3    ####...
 Vampiric Draining        Necr           #.........   100%        3    ####...
 Airstrike                Air            #.........   100%        4    #####..
 Animate Dead             Necr           N/A          100%        4    #####..
 Cause Fear               Hex            #.........   100%        4    #####..
 Leda's Liquefaction      Hex/Erth       #.........   100%        4    #####..
 Petrify                  Tmut/Erth      #.......     100%        4    #####..
 Sticky Flame             Conj/Fire      #.......     100%        4    #####..
 Fireball                 Conj/Fire      #.........   100%        5    ######.
 Lee's Rapid Deconstruct  Erth           #.........   100%        5    ######.
 Lightning Bolt           Conj/Air       #.........   100%        5    ######.
 Silence                  Hex/Air        #.........   100%        5    ######.
 Yara's Violent Unravell  Hex/Tmut       #.........   100%        5    ######.
 Deflect Missiles         Chrm/Air       #.........   100%        6    #######
 Discord                  Hex            #.........   100%        8    #######


Dungeon Overview and Level Annotations

Branches:
Dungeon (12/15)            Temple (1/1) D:7            Lair (1/6) D:10
    Orc (0/2) D:12        Volcano (visited)         Gauntlet (visited)

Altars:
Ashenzari
Cheibriados
Dithmenos
Elyvilon
Fedhas
Gozag
Hepliaklqana
Kikubaaqudgha
Makhleb
Nemelex Xobeh
Okawaru
Qazlal
Ru
Sif Muna
Trog
Uskayaw
Vehumet
Wu Jian
Xom
Yredelemnul
Zin
The Shining One

Shops:
D:5 %   D:7 (

Annotations:
D:8 2 runed translucent doors, ciphuk's ghost, novice GnVM
D:9 4 runed translucent doors


Innate Abilities, Weirdness & Mutations

You reflexively headbutt those who attack you in melee.
You have a pair of horns on your head.


Message History

You block the 14-headed hydra's attack. The 14-headed hydra barely misses you.
The 14-headed hydra bites you! The 14-headed hydra barely misses you.
The 14-headed hydra bites you but does no damage. x2
The 14-headed hydra bites you. The 14-headed hydra bites you!
* * * LOW HITPOINT WARNING * * *
As you read the scroll of teleportation, it crumbles to dust.
You feel strangely unstable. The 14-headed hydra bites you!
* * * LOW HITPOINT WARNING * * *
The 14-headed hydra closely misses you. You block the 14-headed hydra's attack.
The 14-headed hydra bites you but does no damage.
You block the 14-headed hydra's attack.
The 14-headed hydra bites you but does no damage.
The 14-headed hydra closely misses you. The 14-headed hydra barely misses you.
The 14-headed hydra bites you but does no damage. x2
The 14-headed hydra bites you.
* * * LOW HITPOINT WARNING * * *
The 14-headed hydra bites you!
* * * LOW HITPOINT WARNING * * *
The 14-headed hydra bites you!
You die...

*,,,,,≈≈,,,,..............#
*,,...≈≈............#...⌠..
**,,...≈≈...................
*,,,...≈≈≈.≈.........)......
**,,..≈≈.≈.............##...
**,,#..≈≈..≈#....##...+###..
*,,,+..≈≈...............###.
**,,#..≈≈...#....#......#.#.
*,,+,*≈≈#.@#..............#
*,,*,*≈≈###DYY..#..........
**,,+,**≈≈≈##YY..#..........
*,,,*,****≈*#Y...###P.#.#...
*****+*****#.....[..........
****,,,,,Y.........^.......
***≈≈*,,,..Yt................
*≈≈≈≈*,,..YY.................
*≈**≈*,,.YY.......$..........


You could see a 14-headed hydra and 5 yaks.

Vanquished Creatures
  Nessos (D:12)
  A minotaur (Gauntlet)
  A green death (Gauntlet)
  4 two-headed ogres
  3 skeletal warriors
  A hell knight (Volcano)
  An unseen horror (D:11)
  A salamander mystic (Volcano)
  Pikel (D:9)
  A manticore (D:12)
  A deep elf mage (D:12)
  A cyclops (D:11)
  4 salamanders (Volcano)
  2 molten gargoyles (Volcano)
  Maurice (D:9)
  A gargoyle (D:12)
  A minotaur zombie (Gauntlet)
  A hellion (Gauntlet)
  A tengu conjurer (D:10)
  4 trolls
  Grinder (D:3)
  A hippogriff (D:8)
  19 yaks
  A wraith (D:12)
  A wyvern (D:11)
  2 fire bats (Volcano)
  A hungry ghost (D:7)
  A soldier ant (D:10)
  A warg (D:12)
  2 water moccasins
  4 hell hounds
  5 porcupines (D:10)
  4 sky beasts
  2 ice beasts (D:10)
  3 orc warriors
  3 black bears
  2 slaves (D:9)
  5 ogres
  3 necrophages
  2 crocodiles
  2 big kobolds
  8 bullfrogs
  3 scorpions
  4 killer bees (D:9)
  3 wights (D:10)
  4 crimson imps
  7 lava snakes (Volcano)
  3 centaur skeletons
  5 jellies
  3 orc priests
  Crazy Yiuf (D:5)
  5 hounds
  3 bullfrog skeletons
  19 orc wizards
  Jessica (D:2)
  An iguana (D:7)
  Ijyb (D:5)
  Natasha (thrice) (D:3)
  5 worker ants
  A hound zombie (D:6)
  A hound skeleton (D:8)
  A howler monkey zombie (D:5)
  A worker ant zombie (D:11)
  8 adders
  3 gnolls (D:4)
  3 howler monkey skeletons
  3 shadow imps
  An ooze (D:3)
  2 adder skeletons
  2 worms
  2 dart slugs
  6 leopard geckos
  56 orcs
  3 ball pythons
  A giant cockroach (D:1)
  8 goblins
  7 hobgoblins
  25 jackals
  16 kobolds
  5 quokkas
  6 bats
  7 frilled lizards
  A quokka zombie (D:5)
  6 rats
351 creatures vanquished.

Vanquished Creatures (others)
  A slave (D:9)
  39 fungi (D:10)
  23 plants (D:10)
63 creatures vanquished.

Grand Total: 414 creatures vanquished

Notes
Turn   | Place    | Note
-------+----------+-------------------------------------------
     0 | D:1      | Peloso the Minotaur Fighter began the quest for the Orb.
     0 | D:1      | Reached XP level 1. HP: 19/19 MP: 0/0
    69 | D:1      | Reached XP level 2. HP: 26/27 MP: 1/1
   716 | D:1      | Reached skill level 3 in Long Blades
   773 | D:1      | Reached XP level 3. HP: 33/33 MP: 2/2
  1038 | D:2      | Noticed Jessica
  1045 | D:2      | Killed Jessica
  1071 | D:2      | Reached XP level 4. HP: 40/40 MP: 3/3
  1078 | D:2      | Found a sacrificial altar of Ru.
  1254 | D:2      | Found a shadowy altar of Dithmenos.
  1317 | D:2      | Found a blossoming altar of Fedhas.
  1890 | D:2      | Found a stormy altar of Qazlal.
  1928 | D:3      | Reached skill level 4 in Long Blades
  1971 | D:3      | Reached skill level 1 in Dodging
  2017 | D:3      | Noticed Natasha
  2023 | D:3      | Killed Natasha
  2023 | D:3      | Reached XP level 5. HP: 41/46 MP: 4/4
  2669 | D:3      | Noticed Natasha
  2674 | D:3      | Killed Natasha
  2674 | D:3      | Reached skill level 5 in Armour
  2674 | D:3      | Reached skill level 5 in Shields
  2898 | D:3      | Noticed Grinder
  2900 | D:3      | Reached XP level 6. HP: 12/52 MP: 5/5
  3137 | D:3      | Noticed Natasha
  3150 | D:3      | Killed Natasha
  3197 | D:3      | Killed Grinder
  3560 | D:4      | Reached skill level 5 in Long Blades
  3560 | D:4      | Reached XP level 7. HP: 33/60 MP: 6/6
  3938 | D:4      | Found an ancient bone altar of Kikubaaqudgha.
  3941 | D:4      | Found a glowing silver altar of Zin.
  4699 | D:5      | Entered Level 5 of the Dungeon
  4724 | D:4      | Reached skill level 5 in Fighting
  4823 | D:5      | Reached skill level 1 in Stealth
  4855 | D:5      | Reached skill level 6 in Long Blades
  4855 | D:5      | Noticed Ijyb
  4865 | D:5      | Reached XP level 8. HP: 35/68 MP: 7/7
  4868 | D:5      | Killed Ijyb
  5044 | D:5      | Found Taub's Food Shop.
  5286 | D:5      | Reached skill level 7 in Long Blades
  5391 | D:5      | Found a runed translucent door.
  5392 | D:5      | Noticed Crazy Yiuf
  5669 | D:5      | Killed Crazy Yiuf
  5939 | D:6      | Got a fine long sword
  5940 | D:6      | Identified the +8 long sword "Weuvuna" {drain, *Drain +Inv
                  | MR+++ Dex-5} (You found it on level 6 of the Dungeon)
  5987 | D:6      | Found an ornate altar of the Wu Jian Council.
  6029 | D:6      | Found an iron altar of Okawaru.
  6126 | D:6      | Reached skill level 8 in Long Blades
  6286 | D:6      | Found a white marble altar of Elyvilon.
  6458 | D:6      | Found a basalt altar of Yredelemnul.
  6596 | D:7      | Found a staircase to the Ecumenical Temple.
  6611 | D:7      | Reached XP level 9. HP: 69/75 MP: 8/8
  6618 | Temple   | Entered the Ecumenical Temple
  6798 | D:7      | Noticed a +0 dagger
  6799 | D:7      | Noticed a +0 hand axe
  6800 | D:7      | Found a hide-covered altar of Uskayaw.
  6903 | D:6      | Became a worshipper of Warmaster Okawaru
  7054 | D:7      | Reached skill level 9 in Long Blades
  7310 | D:7      | Found Ezawi's Weapon Shoppe.
  7444 | D:8      | Reached * piety under Okawaru
  7791 | D:8      | Found a large runed translucent door.
  7791 | D:8      | Found a large runed translucent door.
  7809 | D:8      | Noticed ciphuk's ghost (novice GnVM)
  8273 | D:9      | Reached skill level 10 in Long Blades
  8295 | D:9      | Found a huge runed translucent gate.
  8295 | D:9      | Found a huge runed translucent gate.
  8295 | D:9      | Found a huge runed translucent gate.
  8295 | D:9      | Found a huge runed translucent gate.
  8295 | D:9      | Noticed a polar bear
  8341 | D:9      | Found a basalt altar of Yredelemnul.
  8608 | D:9      | Reached ** piety under Okawaru
  8611 | D:9      | Reached XP level 10. HP: 63/82 MP: 9/9
  8852 | D:9      | Noticed Pikel
  8874 | D:9      | Killed Pikel
  8881 | D:9      | Noticed a manticore
  8977 | D:9      | Noticed Maurice
  8990 | D:9      | Killed Maurice
  8990 | D:9      | Reached skill level 11 in Long Blades
  9060 | D:9      | Found a shattered altar of Ashenzari.
  9076 | D:9      | Reached *** piety under Okawaru
  9309 | D:10     | Entered Level 10 of the Dungeon
  9456 | D:10     | Reached skill level 5 in Dodging
  9459 | D:10     | Noticed a two-headed ogre
  9468 | D:10     | Killed a two-headed ogre
  9480 | D:10     | Reached **** piety under Okawaru
  9480 | D:10     | Reached skill level 10 in Shields
  9831 | D:10     | Reached skill level 10 in Armour
  9831 | D:10     | Reached XP level 11. HP: 72/94 MP: 10/10
  9921 | D:10     | Found a staircase to the Lair.
  9942 | D:10     | Noticed a two-headed ogre
  9957 | D:10     | Killed a two-headed ogre
  9957 | D:10     | Reached skill level 12 in Long Blades
 10365 | D:10     | Reached ***** piety under Okawaru
 10630 | D:11     | Found a gate leading to a gauntlet.
 10639 | Gauntlet | Entered a Gauntlet
 10639 | Gauntlet | Found a transporter.
 10640 | Gauntlet | Noticed a blizzard demon
 10642 | Gauntlet | Found a transporter.
 10656 | Gauntlet | Found a transporter.
 10659 | Gauntlet | Found a transporter.
 10672 | Gauntlet | Found a transporter.
 10682 | Gauntlet | Noticed a thrashing horror
 10692 | Gauntlet | Found a transporter.
 10696 | Gauntlet | Found a transporter.
 10699 | Gauntlet | Found a transporter.
 10703 | Gauntlet | Noticed a wretched star
 10751 | Gauntlet | Found a transporter.
 10751 | Gauntlet | Noticed a green death
 10754 | Gauntlet | Found a transporter.
 10758 | Gauntlet | Found a transporter.
 10766 | Gauntlet | Found a transporter.
 10899 | Gauntlet | Found a runed translucent door.
 11021 | Gauntlet | Got a distressingly furry hat
 11027 | Gauntlet | Identified the +1 hat of Gymilek {rC+ Dex+4 Slay-5} (You
                  | found it in a Gauntlet)
 11125 | Gauntlet | Killed a green death
 11134 | Gauntlet | Got a faintly glowing hat
 11151 | Gauntlet | Identified the +1 hat of the Nightingale {+Fly rN+ Regen+
                  | Int-2} (You found it in a Gauntlet)
 11197 | Gauntlet | Noticed a minotaur
 11211 | Gauntlet | Killed a minotaur
 11211 | Gauntlet | Received a gift from Okawaru
 11211 | Gauntlet | Reached skill level 1 in Invocations
 11220 | Gauntlet | Got a spiked buckler {god gift}
 11226 | Gauntlet | Identified the +2 buckler of the Little Devil {rPois}
                  | (Okawaru gifted it to you in a Gauntlet)
 11501 | D:11     | Killed an unseen horror
 11525 | D:11     | Noticed a two-headed ogre
 11534 | D:11     | Killed a two-headed ogre
 11608 | D:11     | Reached skill level 13 in Long Blades
 11794 | D:11     | You are sucked into a shaft and drop 1 floor!
 11794 | D:12     | Found a staircase to the Orcish Mines.
 12148 | D:11     | Reached XP level 12. HP: 87/105 MP: 12/12
 12387 | D:12     | Noticed a two-headed ogre
 12402 | D:12     | Killed a two-headed ogre
 12402 | D:12     | Reached skill level 10 in Fighting
 12503 | D:12     | Noticed Nessos
 12517 | D:12     | Killed Nessos
 12669 | D:12     | Reached skill level 14 in Long Blades
 12825 | Lair:1   | Entered Level 1 of the Lair of Beasts
 12866 | Lair:1   | Noticed a six-headed hydra
 12948 | Lair:1   | Found a dark tunnel.
 12962 | Volcano  | Entered a volcano
 13013 | Volcano  | Received a gift from Okawaru
 13102 | Volcano  | Found a radiant altar of Vehumet.
 13811 | Lair:1   | HP: 5/110 [14-headed hydra (8)]
 13811 | Lair:1   | Mangled by a 14-headed hydra

Levels and vault maps discovered:
D:1:      dpeg_arrival_shrine, layout_basic
D:2:      layout_basic, grunt_dithmenos_smoke_and_mirrors, fedhas_altar_1,
          lemuel_doored_altar, lemuel_coloured_pillars_altar, first_ration,
          uniq_jessica
D:3:      layout_basic, chequers_big_river, uniq_grinder, uniq_natasha
D:4:      layout_layer_cave, chequers_temple_overflow_statue_of_worship,
          wad_floor_pattern_untrapped, chequers_serial_rivers_micro_d,
          hangedman_decor_lopped
D:5:      layout_loops_ring, serial_shops, shop, uniq_ijyb,
          uniq_crazy_yiuf_cottage
D:6:      layout_loops_corners, kennysheep_little_box, lemuel_crystal_altar,
          nicolae_overflow_hidden_temple, yredelemnul_altar_generic
D:7:      layout_loops_ring, dancing_weapons_uskayaw, minmay_temple_entry_hall,
          serial_shops, shop
D:8:      layout_basic, ebering_ghost_disaster_area
D:9:      lemuel_bear_cage, layout_basic, kennysheep_mini, lemuel_round_altar,
          serial_glass, glass_columns_b, glass_columns_a, uniq_pikel,
          uniq_maurice
D:10:     layout_basic, due_lair_maze_entry_diamond, grunt_tengu_nest,
          grunt_ministairs_11
D:11:     layout_irregular_city, gauntlet_entry_generic
D:12:     layout_gridville, david_orc_3, uniq_nessos
Temple:   chequers_temple_sunken
Lair:1:   layout_regular_city, serial_rivers, chequers_serial_rivers_micro_a,
          chequers_serial_rivers_large_a, chequers_serial_rivers_small_a,
          chequers_serial_rivers_small_3, enter_volcano_3, grunt_megastairs_3

Skill      XL: |  1  2  3  4  5  6  7  8  9 10 11 12 |
---------------+-------------------------------------+-----
Armour         | 4 5 6 8 10 11 12 | 12.6
Shields        | 4 5 6 7 8 10 11 12 | 12.1
Long Blades    | 3 4 5 6 8 10 11 13 14 | 14.3
Fighting       | 4 5 6 8 9 11 | 11.1
Dodging        | 1 2 3 4 5 6 |  6.1
Stealth        | 1 |  1.8
Invocations    | 2 |  2.5
Evocations     | |  0.1

Action                   |  1- 3 |  4- 6 |  7- 9 | 10-12 || total
-------------------------+-------+-------+-------+-------++-------
Melee: Long sword        |    79 |   158 |   370 |   510 ||  1117
       Headbutt          |    10 |    29 |    70 |   111 ||   220
       Scimitar          |       |       |       |    36 ||    36
Invok: Heroism           |       |       |       |     6 ||     6
       Finesse           |       |       |       |     2 ||     2
Evoke: Wand              |       |       |       |     1 ||     1
  Use: Potion            |       |     5 |       |     2 ||     7
       Scroll            |       |     2 |     4 |     6 ||    12
 Stab: Confused          |       |       |       |     1 ||     1
  Eat: Chunk             |       |     5 |    12 |    16 ||    33
       Ration            |       |     1 |     2 |       ||     3
Armor: Scale mail        |    62 |   101 |   143 |    56 ||   362
       Plate armour      |       |       |       |   171 ||   171
       Chain mail        |       |       |       |    25 ||    25
Dodge: Dodged            |    24 |    50 |   112 |   205 ||   391
Block: Shield            |    58 |   107 |   199 |   109 ||   473
       Buckler           |       |       |       |   137 ||   137
       Rpst.: Long sword |     7 |    11 |    25 |    40 ||    83
       Scimitar          |       |       |       |     1 ||     1
